[Event "ICC tourney 2045 (75 10)"]
[Site "Internet Chess Club"]
[Date "2020.10.10"]
[Round "2"]
[White "ThomasEH"]
[Black "johnzabraham"]
[Result "0-1"]
[ICCResult "White checkmated"]
[WhiteElo "1086"]
[BlackElo "955"]
[Opening "French: advance variation"]
[ECO "C02"]
[NIC "FR.03"]
[Time "11:03:39"]
[TimeControl "4500+10"]

1. e4 e6 2. d4 d5 3. e5 c5 4. Bb5+ Nc6 5. Nf3 Qb6 6. Nc3 a6 7. Ba4 Bd7 8.
O-O cxd4 9. Ne2 Bc5 10. Bxc6 Bxc6 11. Nexd4 Ne7 12. Bg5 Ng6 13. Nxc6 bxc6
14. Rb1 O-O 15. b4 Be7 16. Bxe7 Nxe7 17. Qd3 Rad8 18. a4 Rb8 19. Ng5 Ng6 20.
Kh1 h6 21. Nxe6 Nxe5 22. Qg3 fxe6 23. Qxe5 Rbe8 24. f4 Rf5 25. Qe2 e5 26. g4
Rff8 27. fxe5 Rxf1+ 28. Rxf1 Qxb4 29. Qxa6 Qe4+ 30. Kg1 Qxg4+ 31. Kh1 Qe4+
32. Kg1 Rxe5 33. Qc8+ Kh7 34. Qf8 Rg5+ 35. Kf2 Rg2# {White checkmated} 0-1

[Event "ICC tourney 2045 (75 10)"]
[Site "Internet Chess Club"]
[Date "2020.10.10"]
[Round "2"]
[White "akumarum"]
[Black "Alberttheshow"]
[Result "1-0"]
[ICCResult "Black checkmated"]
[WhiteElo "1061"]
[BlackElo "546"]
[Opening "Giuoco Piano: four knights variation"]
[ECO "C55"]
[NIC "IG.01"]
[Time "11:03:38"]
[TimeControl "4500+10"]

1. e4 e5 2. Nf3 Nc6 3. Bc4 Nf6 4. Nc3 Bc5 5. O-O O-O 6. Re1 d6 7. d3 Bg4 8.
Be3 Bxe3 9. fxe3 Re8 10. Qe2 Qd7 11. Bb5 a6 12. Bxc6 Qxc6 13. h3 Bh5 14. d4
Rad8 15. Rad1 Nxe4 16. Nxe4 Qxe4 17. g4 Bg6 18. dxe5 dxe5 19. c3 Rxd1 20.
Rxd1 f5 21. Ng5 Qa4 22. b3 Qa3 23. Qc4+ Kf8 24. Qxc7 Qe7 25. Qxe7+ Rxe7 26.
Rd8+ Re8 27. Rd7 fxg4 28. hxg4 h6 29. Nf3 Be4 30. Kf2 Bb1 31. a3 Ba2 32.
Rxb7 e4 33. Nd4 Rc8 34. c4 Ke8 35. Ra7 Rb8 36. Rxa6 Bxb3 37. Nxb3 Rxb3 38.
Re6+ Kf7 39. Rxe4 Rxa3 40. Ke2 g6 41. Kd2 h5 42. gxh5 gxh5 43. c5 Ra5 44.
Rc4 Ke6 45. c6 Kd6 46. c7 Ra8 47. c8=Q Rxc8 48. Rxc8 Kd7 49. Rh8 Ke6 50.
Rxh5 Kf6 51. e4 Ke6 52. Kd3 Kf6 53. Kd4 Ke6 54. e5 Kf7 55. Kd5 Ke7 56. Rh7+
Kf8 57. Kd6 Ke8 58. e6 Kf8 59. e7+ Ke8 60. Rh8+ Kf7 61. e8=Q+ Kg7 62. Qg8+
Kf6 63. Rh6+ Kf5 64. Qg5+ Ke4 65. Rh4+ Kd3 66. Qg3+ Ke2 67. Rh2+ Kf1 68. Qc3
Kg1 69. Ra2 Kf1 70. Qc1# {Black checkmated} 1-0

[Event "ICC tourney 2045 (75 10)"]
[Site "Internet Chess Club"]
[Date "2020.10.10"]
[Round "2"]
[White "JCJ2018"]
[Black "JMConklin"]
[Result "0-1"]
[ICCResult "White checkmated"]
[WhiteElo "1032"]
[BlackElo "983"]
[Opening "Sicilian defense"]
[ECO "B33"]
[NIC "SI.34"]
[Time "11:03:38"]
[TimeControl "4500+10"]

1. e4 c5 2. Nf3 Nc6 3. d4 cxd4 4. Nxd4 Nf6 5. Nc3 g6 6. Bd3 Nxd4 7. Be3 Nc6
8. Bf4 d6 9. O-O Bg7 10. Qf3 Bg4 11. Qe3 O-O 12. Bh6 Qb6 13. Bxg7 Kxg7 14.
h3 Bd7 15. Qc1 Nd4 16. Qe3 e5 17. b3 Rac8 18. Nd5 Nxd5 19. exd5 Nxc2 20.
Qxb6 axb6 21. Rac1 Nb4 22. Bb1 Nxd5 23. Rcd1 Be6 24. Be4 Rc5 25. Bxd5 Rxd5
26. Rxd5 Bxd5 27. Rd1 Bc6 28. Rxd6 Re8 29. a4 Re6 30. Rxe6 fxe6 31. g3 Kf7
32. Kf1 Ke7 33. Ke1 Kd6 34. Kd2 Kc5 35. Kc3 g5 36. b4+ Kd5 37. b5 Be8 38. f3
e4 39. fxe4+ Kxe4 40. Kd2 Kf3 41. h4 gxh4 42. gxh4 Kg4 43. Kd3 Kxh4 44. Kd4
Kg4 45. Ke5 h5 46. Kxe6 h4 47. Kd6 h3 48. Kc7 h2 49. Kxb6 h1=Q 50. a5 Bxb5
51. Kxb5 Qc6+ 52. Kb4 Qa6 53. Ka4 b6 54. Kb3 Qxa5 55. Kc4 Kf4 56. Kd4 Qc5+
57. Kd3 Qb4 58. Kc2 Ke3 59. Kc1 Kd3 60. Kd1 Qd2# {White checkmated} 0-1

[Event "ICC tourney 2045 (75 10)"]
[Site "Internet Chess Club"]
[Date "2020.10.10"]
[Round "2"]
[White "leilei8514"]
[Black "lucachesschess"]
[Result "0-1"]
[ICCResult "White checkmated"]
[WhiteElo "1115"]
[BlackElo "1249"]
[Opening "Sicilian: dragon, Yugoslav attack, 10.O-O-O"]
[ECO "B78"]
[NIC "SI.18"]
[Time "11:03:33"]
[TimeControl "4500+10"]

1. e4 c5 2. Nf3 Nc6 3. d4 cxd4 4. Nxd4 g6 5. Nc3 Bg7 6. Be3 d6 7. Bc4 Nf6 8.
f3 O-O 9. Qd2 Bd7 10. O-O-O Rc8 11. Bb3 Na5 12. Kb1 Nxb3 13. cxb3 a6 14. h4
b5 15. g4 b4 16. Nce2 e5 17. Nc2 d5 18. g5 Nh5 19. Qxd5 Bb5 20. Nc1 Qc7 21.
Qd2 a5 22. Ne1 Ng3 23. Rg1 Nf1 24. Qf2 Nxe3 25. Qxe3 Rfd8 26. Ncd3 Bf8 27.
Rc1 Qd6 28. Rxc8 Rxc8 29. Rg2 Rd8 30. Nc1 Qd4 31. Qxd4 Rxd4 32. Nc2 Rd1 33.
a3 Bc5 34. Nxb4 axb4 35. Kc2 Rf1 36. Rg3 Rf2+ 37. Kd1 bxa3 38. bxa3 Bxa3 39.
Rg1 Bxc1 40. Kxc1 Rf1+ 41. Rxf1 Bxf1 42. Kd2 Bg2 43. Ke3 Kf8 44. Kf2 Bh1 45.
Ke3 Ke7 46. f4 Kd6 47. f5 Kc5 48. f6 Kb4 49. Kd3 Kxb3 50. Ke3 Kc3 51. Ke2
Bxe4 52. Ke3 Bf5 53. Kf3 Kd3 54. Kf2 e4 55. Ke1 e3 56. Kf1 Bh3+ 57. Ke1 e2
58. h5 Bd7 59. hxg6 hxg6 60. Kf2 Kd2 61. Kf3 e1=Q 62. Kf4 Bc6 63. Kg4 Qe4+
64. Kg3 Qf3+ 65. Kh4 Qf4+ 66. Kh3 Qxg5 67. Kh2 Qg2# {White checkmated} 0-1

[Event "ICC tourney 2045 (75 10)"]
[Site "Internet Chess Club"]
[Date "2020.10.10"]
[Round "2"]
[White "ABecker755"]
[Black "andrewj508"]
[Result "0-1"]
[ICCResult "White checkmated"]
[WhiteElo "1258"]
[BlackElo "1131"]
[Opening "Ruy Lopez: exchange variation, 5.O-O"]
[ECO "C68"]
[NIC "RL.08"]
[Time "11:03:35"]
[TimeControl "4500+10"]

1. e4 e5 2. Nf3 Nc6 3. Bb5 a6 4. Bxc6 dxc6 5. O-O Bd6 6. d4 Bg4 7. dxe5 Bxf3
8. Qxf3 Bxe5 9. c3 Qf6 10. Qxf6 Nxf6 11. f3 O-O-O 12. Bg5 h6 13. Be3 g5 14.
Na3 b5 15. Nc2 Nh5 16. Rad1 Kb7 17. Bd4 Bxd4+ 18. cxd4 Nf4 19. Rf2 Rhe8 20.
Rfd2 g4 21. g3 Nh3+ 22. Kg2 h5 23. Re1 Ng5 24. fxg4 hxg4 25. Rde2 Nf3 26.
Rd1 f5 27. h3 Rh8 28. h4 Rhe8 29. Kf2 fxe4 30. Ke3 c5 31. d5 Re5 32. Kf4
Rdxd5 33. Rxd5 Rxd5 34. Kxg4 Nd4 35. Nxd4 cxd4 36. Rxe4 d3 37. Re1 c5 38.
Rd1 d2 39. h5 c4 40. h6 b4 41. h7 Rd8 42. Kf3 c3 43. Ke2 c2 44. h8=Q cxd1=Q+
45. Kxd1 Rxh8 46. Kxd2 Rh2+ 47. Ke3 Rxb2 48. Kf4 Rxa2 49. g4 b3 50. Kf5 b2
51. g5 b1=Q+ 52. Kf6 Rf2+ 53. Kg7 Qf5 54. g6 Qf6+ 55. Kh7 Rh2+ 56. Kg8 Rh8#
{White checkmated}
0-1

[Event "ICC tourney 2045 (75 10)"]
[Site "Internet Chess Club"]
[Date "2020.10.10"]
[Round "2"]
[White "FiveTimesNo"]
[Black "HemingLiu"]
[Result "1-0"]
[ICCResult "Black checkmated"]
[WhiteElo "1116"]
[BlackElo "701"]
[Opening "Queen's pawn, Mason variation"]
[ECO "D00"]
[NIC "QP.08"]
[Time "11:03:37"]
[TimeControl "4500+10"]

1. d4 d5 2. Bf4 Nf6 3. e3 g6 4. c3 Bg7 5. Bd3 Nc6 6. Nd2 O-O 7. Ngf3 Bg4 8.
h3 Be6 9. O-O Qd7 10. Ng5 h6 11. Nxe6 Qxe6 12. Bxc7 Ne4 13. Nxe4 dxe4 14.
Bc2 Qd7 15. Bg3 Qd5 16. Bb3 Qf5 17. Bc2 e5 18. Qb1 Qg5 19. Bxe4 exd4 20.
cxd4 Rad8 21. Rd1 Rfe8 22. Bf3 h5 23. a3 Rd7 24. Qc2 Ne7 25. Qa4 Red8 26.
Qxa7 b5 27. Qa5 Kh7 28. Qe1 Nf5 29. Bf4 Qh4 30. Qf1 Nd6 31. Bxd6 Rxd6 32.
Qxb5 g5 33. Qf5+ Kh8 34. g3 Rf6 35. gxh4 Rxf5 36. Bxh5 gxh4 37. Bg4 Rg5 38.
Kf1 f5 39. Bf3 Rb8 40. b4 Rb5 41. Rab1 Bf8 42. d5 Bd6 43. a4 Rxb4 44. Rxb4
Bxb4 45. d6 Rg8 46. d7 Rd8 47. Bc6 Kg8 48. Rd5 Kf7 49. Rxf5+ Ke6 50. Rh5 Kd6
51. Bb5 Ba5 52. Rxh4 Kc5 53. Re4 Kd5 54. Re8 Kd6 55. Rxd8 Bxd8 56. f4 Ke6
57. Kg2 Kf5 58. Kf3 Ba5 59. e4+ Ke6 60. f5+ Ke5 61. h4 Bd8 62. h5 Kf6 63.
Ke3 Kg5 64. Be2 Bb6+ 65. Kd3 Kf6 66. Kc4 Ke7 67. Kd5 Kxd7 68. h6 Bd8 69. Ke5
Ba5 70. h7 Bc3+ 71. Kd5 Ke7 72. e5 Bxe5 73. Kxe5 Kf7 74. h8=Q Ke7 75. Qf6+
Kd7 76. Bb5+ Kc7 77. Qc6+ Kb8 78. Qd7 Ka8 79. Bc6+ Kb8 80. Qb7#
{Black checkmated}
1-0

[Event "ICC tourney 2045 (75 10)"]
[Site "Internet Chess Club"]
[Date "2020.10.10"]
[Round "2"]
[White "ethanz1606"]
[Black "SreeVSundaram"]
[Result "1-0"]
[ICCResult "Black resigns"]
[WhiteElo "1167"]
[BlackElo "778"]
[Opening "QGD: 4.Bg5 Nbd7"]
[ECO "D51"]
[NIC "QO.16"]
[Time "11:03:36"]
[TimeControl "4500+10"]

1. d4 d5 2. c4 e6 3. Nc3 Nf6 4. Bg5 Nbd7 5. Nf3 Bb4 6. e3 O-O 7. Qb3 Bxc3+
8. bxc3 Re8 9. cxd5 exd5 10. c4 h6 11. Bh4 c6 12. cxd5 cxd5 13. Bb5 a6 14.
Bxd7 Qxd7 15. Ne5 Qd8 16. Bxf6 gxf6 17. Nf3 Ra7 18. Rc1 Qa5+ 19. Nd2 Bf5 20.
Rc5 Qd8 21. Rxd5 Bd7 22. Ne4 Rxe4 23. Rh5 Be6 24. Qd3 Bd5 25. Rxh6 Qa5+ 26.
Qd2 Qxd2+ 27. Kxd2 Kg7 28. Rh3 Bxa2 29. Rc1 a5 30. Rc8 Be6 31. Rg3+ Rg4 32.
Rxg4+ Bxg4 33. Rc5 a4 34. Kc2 b6 35. Rb5 a3 36. Kb1 a2+ 37. Ka1 Ra6 38. d5
Bd7 39. Rb2 Kg6 40. Rxa2 Rxa2+ 41. Kxa2 Kf5 42. Kb3 Ke5 43. Kc4 Kd6 44. e4
Ke5 45. f3 Kf4 46. Kb4 Ke3 47. h4 Kf4 48. g3+ Kxf3 49. h5 Kxe4 50. h6 Bf5
51. d6 Kd5 52. d7 {Black resigns} 1-0

[Event "ICC tourney 2045 (75 10)"]
[Site "Internet Chess Club"]
[Date "2020.10.10"]
[Round "2"]
[White "BArkadia"]
[Black "EdwardS"]
[Result "0-1"]
[ICCResult "White checkmated"]
[WhiteElo "1170"]
[BlackElo "1059"]
[Opening "French: advance, Nimzovich system"]
[ECO "C02"]
[NIC "FR.03"]
[Time "11:03:44"]
[TimeControl "4500+10"]

1. e4 e6 2. d4 d5 3. e5 c5 4. Nf3 cxd4 5. Nxd4 Bc5 6. Nc3 a6 7. Na4 Ba7 8.
c3 Bd7 9. Qg4 g6 10. Bg5 Qa5 11. Bd3 Bxa4 12. Nxe6 Nc6 13. Ng7+ Kf8 14. Qf4
Kxg7 15. Bf6+ Nxf6 16. exf6+ Kf8 17. O-O h5 18. Rae1 Rc8 19. Qd6+ Kg8 20.
Bxg6 Qd8 21. Bxf7+ Kxf7 22. Qe6+ Kf8 23. f7 Rh7 24. Qg6 Rxf7 25. Qh6+ Kg8
26. Re6 Qf8 27. Qg5+ Rg7 28. Qxd5 Qf7 29. Kh1 Rc7 30. Rfe1 Re7 31. b3 Rxe6
32. Rxe6 Bb5 33. c4 Nd4 34. Qd8+ Kh7 35. Rf6 Qe7 36. Rf8 Qe1# {White
checkmated} 0-1

[Event "ICC tourney 2045 (75 10)"]
[Site "Internet Chess Club"]
[Date "2020.10.10"]
[Round "2"]
[White "traycon"]
[Black "oxdidi"]
[Result "0-1"]
[ICCResult "White checkmated"]
[WhiteElo "959"]
[BlackElo "1097"]
[Opening "English opening"]
[ECO "A16"]
[NIC "EO.64"]
[Time "11:03:38"]
[TimeControl "4500+10"]

1. c4 Nf6 2. Nc3 g6 3. g3 Bg7 4. Bg2 d6 5. d3 O-O 6. Nf3 Nbd7 7. Qc2 e5 8.
b3 Qe7 9. O-O Nb6 10. e4 Be6 11. Ng5 Rfe8 12. Nxe6 Qxe6 13. Nd5 Nfxd5 14.
cxd5 Qd7 15. Bb2 Rac8 16. Qd2 c6 17. Rac1 cxd5 18. exd5 Qb5 19. Rxc8 Rxc8
20. Ba3 Rd8 21. Rc1 Nxd5 22. Bxd5 Qxd5 23. Rc7 e4 24. Bc1 exd3 25. Qf4 Re8
26. Bd2 g5 27. Qc4 Qf3 28. Rc8 Rxc8 29. Qxc8+ Bf8 30. Bxg5 d2 31. Bxd2 Qd1+
32. Kg2 Qxd2 33. Qg4+ Kh8 34. Qa4 Qd5+ 35. Kf1 a6 36. Qe8 Qb5+ 37. Qxb5 axb5
38. Ke2 Kg7 39. Kd3 Kf6 40. Kd4 Ke6 41. f4 Bg7+ 42. Ke4 f5+ 43. Kd3 h5 44.
Kc2 Bf6 45. a4 b4 46. Kd3 Kd5 47. a5 h4 48. gxh4 Bxh4 49. h3 Bg3 50. Ke3 Kc5
51. Kf3 Bh4 52. Ke3 d5 53. Kd3 Bf2 54. Ke2 Bg1 55. h4 Bh2 56. Kf3 Bg1 57. h5
Bd4 58. h6 Kb5 59. h7 Kxa5 60. Kg3 Bf6 61. Kf2 d4 62. Ke2 Kb5 63. Kd3 Kc5
64. Kc2 Kd5 65. Kd3 b5 66. Ke2 Ke4 67. Kd2 d3 68. Ke1 Ke3 69. Kd1 d2 70.
h8=Q Bxh8 71. Kc2 Ke2 72. Kb1 d1=Q+ 73. Ka2 Qa1# {White checkmated} 0-1

[Event "ICC tourney 2045 (75 10)"]
[Site "Internet Chess Club"]
[Date "2020.10.10"]
[Round "2"]
[White "mohitmukkollu"]
[Black "Artush04"]
[Result "1-0"]
[ICCResult "Black checkmated"]
[WhiteElo "1220"]
[BlackElo "811"]
[Opening "King's pawn game"]
[ECO "C50"]
[NIC "IG.03"]
[Time "11:04:01"]
[TimeControl "4500+10"]

1. e4 e5 2. Nf3 Nc6 3. Bc4 d5 4. exd5 e4 5. dxc6 exf3 6. Qxf3 Qe7+ 7. Be2
Qb4 8. O-O Bd6 9. Nc3 Ne7 10. d4 bxc6 11. Rd1 O-O 12. Bd3 c5 13. a3 Qa5 14.
Qh5 g6 15. Qf3 Bf5 16. Bxf5 Nxf5 17. g4 Nxd4 18. Qd3 Be5 19. Qe4 Rfe8 20.
Qd5 Qb6 21. Bh6 Rad8 22. Qc4 Nf3+ 23. Kh1 Qc6 24. Qe4 Qxe4 25. Nxe4 Bxb2 26.
Rxd8 Rxd8 27. Rb1 Bxa3 28. Rb3 Bb4 29. Rxf3 c4 30. Ng5 Bf8 31. Nxf7 Rd1+ 32.
Kg2 Bxh6 33. Nxh6+ Kg7 34. Nf7 a5 35. Ne5 Rd4 36. Rf7+ Kh6 37. h4 g5 38.
hxg5+ Kxg5 39. Nf3+ Kxg4 40. Nxd4 a4 41. Rxc7 a3 42. Ra7 h5 43. Rxa3 h4 44.
f3+ Kf4 45. Kh3 Kg5 46. Rc3 Kh5 47. Rxc4 Kg5 48. Rc5+ Kh6 49. Kxh4 Kg6 50.
f4 Kf6 51. f5 Ke7 52. Rc6 Kd7 53. f6 Ke8 54. Rc7 Kd8 55. Ne6+ Ke8 56. f7#
{Black checkmated}
1-0

[Event "ICC tourney 2045 (75 10)"]
[Site "Internet Chess Club"]
[Date "2020.10.10"]
[Round "2"]
[White "dynamic-lucy"]
[Black "VinaySridhar"]
[Result "0-1"]
[ICCResult "White checkmated"]
[WhiteElo "979"]
[BlackElo "1182"]
[Opening "Giuoco Piano"]
[ECO "C50"]
[NIC "IG.02"]
[Time "11:03:41"]
[TimeControl "4500+10"]

1. e4 e5 2. Nf3 Nc6 3. Bc4 Bc5 4. Nc3 d6 5. h3 Nf6 6. d3 Be6 7. Bb3 h6 8.
Be3 Bb4 9. O-O Qd7 10. Ne2 O-O-O 11. c3 Bc5 12. d4 Bxb3 13. axb3 exd4 14.
Nexd4 a6 15. Qd3 d5 16. Nxc6 Qxc6 17. exd5 Qxd5 18. Qxd5 Rxd5 19. Bxc5 Rxc5
20. Rfe1 Re8 21. Kf1 Re4 22. Nd4 Rce5 23. f3 Rxe1+ 24. Rxe1 Rxe1+ 25. Kxe1
g6 26. Kf2 c5 27. Ne2 b5 28. c4 bxc4 29. bxc4 Kb7 30. Nf4 Kb6 31. Ke3 Ka5
32. Kd3 Kb4 33. Nd5+ Nxd5 34. cxd5 Kb5 35. Ke4 Kb6 36. g4 f6 37. f4 Kc7 38.
h4 Kd6 39. b3 a5 40. Ke3 Kxd5 41. g5 fxg5 42. hxg5 hxg5 43. fxg5 c4 44.
bxc4+ Kxc4 45. Kf4 a4 46. Ke5 a3 47. Kf6 a2 48. Kxg6 a1=Q 49. Kh6 Qa6+ 50.
g6 Qc6 51. Kh7 Qd7+ 52. g7 Qh3+ 53. Kg6 Qg4+ 54. Kf7 Qf5+ 55. Ke7 Qg6 56.
Kf8 Qf6+ 57. Kg8 Kd5 58. Kh8 Qh6+ 59. Kg8 Ke6 60. Kf8 Qf6+ 61. Kg8 Qg6 62.
Kf8 Qf7# {White checkmated} 0-1

[Event "ICC tourney 2045 (75 10)"]
[Site "Internet Chess Club"]
[Date "2020.10.10"]
[Round "2"]
[White "sganesh2004"]
[Black "Davide25"]
[Result "1-0"]
[ICCResult "Black resigns"]
[WhiteElo "1112"]
[BlackElo "1146"]
[Opening "English: four knights, 4.e3"]
[ECO "A28"]
[NIC "EO.06"]
[Time "11:03:50"]
[TimeControl "4500+10"]

1. c4 e5 2. Nc3 Nf6 3. Nf3 Nc6 4. e3 Be7 5. d4 d6 6. d5 Nb8 7. g3 Bg4 8. h3
Bh5 9. g4 Bg6 10. Nd2 a5 11. h4 h6 12. f4 Nfd7 13. Nf3 exf4 14. exf4 Bf6 15.
Qe2+ Qe7 16. Qxe7+ Bxe7 17. h5 Bh7 18. Be3 Na6 19. g5 Nb4 20. O-O-O O-O-O
21. Bd4 Rhg8 22. a3 Na6 23. Rg1 hxg5 24. fxg5 Bf5 25. Nh4 g6 26. h6 Nac5 27.
Nxf5 gxf5 28. Kb1 Rxg5 29. Rxg5 Bxg5 30. h7 f6 31. Bh3 Rh8 32. Bxf5 Kd8 33.
Rg1 Ne5 34. Bxc5 dxc5 35. Ne4 Nf3 36. Rg3 Nd4 37. Nxg5 fxg5 38. Rxg5 Rxh7
39. Bxh7 Kd7 40. Bf5+ Kd6 41. Rg6+ Ke7 42. Re6+ Kf7 43. Bg4 b6 44. Re4 Kf6
45. Rxd4 cxd4 46. Kc2 Ke5 47. Kd3 Kf4 48. Kxd4 Kxg4 49. Ke5 Kg5 50. Ke6 Kg6
51. Kd7 Kf7 52. Kxc7 Ke7 53. d6+ Ke8 54. d7+ Ke7 55. d8=Q+ {Black resigns}
1-0

[Event "ICC tourney 2045 (75 10)"]
[Site "Internet Chess Club"]
[Date "2020.10.10"]
[Round "2"]
[White "AJRChess2011"]
[Black "RatislavK"]
[Result "1-0"]
[ICCResult "Black checkmated"]
[WhiteElo "1293"]
[BlackElo "1119"]
[Opening "Sicilian: Pelikan (Lasker/Sveshnikov) variation"]
[ECO "B33"]
[NIC "SI.36"]
[Time "11:03:34"]
[TimeControl "4500+10"]

1. e4 c5 2. Nf3 Nc6 3. d4 cxd4 4. Nxd4 Nf6 5. Nc3 e5 6. Ndb5 d6 7. Bg5 a6 8.
Bxf6 gxf6 9. Na3 b5 10. Nd5 Bg7 11. c4 f5 12. cxb5 Ne7 13. Bc4 O-O 14. O-O
axb5 15. Nxb5 Nxd5 16. Bxd5 Rb8 17. Bc4 Rb6 18. Rc1 Bb7 19. exf5 Qg5 20. f3
d5 21. Be2 Rd8 22. a3 d4 23. Bd3 Qe3+ 24. Kh1 e4 25. fxe4 Bxe4 26. Bxe4 Qxe4
27. Nc3 Qb7 28. Na4 Rbd6 29. Qg4 Qa6 30. Nc5 Qb6 31. Nb7 Qxb7 32. f6 Rxf6
33. Rxf6 Qxb2 34. Rcf1 Rf8 35. a4 d3 36. Rd6 Qe2 37. Qxe2 dxe2 38. Re1 Ra8
39. Rxe2 Rxa4 40. h3 Ra5 41. Re8+ Bf8 42. Rdd8 Kg7 43. Rxf8 Kf6 44. Rd7 Kg5
45. Rdxf7 h5 46. Rg8+ Kh4 47. Rf4# {Black checkmated} 1-0

[Event "ICC tourney 2045 (75 10)"]
[Site "Internet Chess Club"]
[Date "2020.10.10"]
[Round "2"]
[White "BishoptoC4"]
[Black "nb12"]
[Result "1/2-1/2"]
[ICCResult "Game drawn by mutual agreement"]
[WhiteElo "190"]
[BlackElo "1022"]
[Opening "Scotch game"]
[ECO "C45"]
[NIC "SO.05"]
[Time "11:03:43"]
[TimeControl "4500+10"]

1. e4 e5 2. Nf3 Nc6 3. d4 exd4 4. Nxd4 Bc5 5. Be3 Qf6 6. c3 Nge7 7. Bc4 O-O
8. O-O d6 9. Nxc6 Nxc6 10. Bxc5 dxc5 11. Nd2 Be6 12. Qb3 Na5 13. Qb5 Nxc4
14. Nxc4 b6 15. Ne3 a6 16. Qc6 Qe7 17. Nd5 Bxd5 18. exd5 Qd6 19. Rad1 Qxc6
20. dxc6 Rad8 21. g3 Rfe8 22. c4 Rd4 23. Rxd4 cxd4 24. Rd1 Rd8 25. b4 Kf8
26. b5 axb5 27. cxb5 Ke7 28. Kf1 Rd5 29. Ke2 Kd6 30. a4 Kc5 31. Kd3 Re5 32.
Rc1+ Kd5 33. Rc4 Re4 34. a5 bxa5 35. Ra4 Re1 36. Rxd4+ Kc5 37. Rd7 Kxb5 38.
Rxc7 Rc1 39. Rxf7 Rxc6 40. Rxg7 a4 41. Rb7+ Ka5 42. Ra7+ Kb4 43. f4 a3 44.
g4 Rc3+ 45. Ke4 Kb3 46. f5 Rc4+ 47. Kf3 Ra4 48. Re7 Rc4 49. Ra7 Ra4 50. Re7
Rc4 {Game drawn by mutual agreement} 1/2-1/2

[Event "ICC tourney 2045 (75 10)"]
[Site "Internet Chess Club"]
[Date "2020.10.10"]
[Round "3"]
[White "LucasW2014"]
[Black "temporarydanger"]
[Result "0-1"]
[ICCResult "White checkmated"]
[WhiteElo "1086"]
[BlackElo "1160"]
[Opening "Queen's gambit accepted"]
[ECO "D20"]
[NIC "QG.03"]
[Time "14:46:44"]
[TimeControl "4500+10"]

1. d4 d5 2. c4 dxc4 3. e3 Bf5 4. Bxc4 Nf6 5. Nc3 e6 6. Nf3 Bb4 7. O-O Nc6 8.
Re1 Ne4 9. Bd2 Nxd2 10. Qxd2 O-O 11. e4 Bg6 12. d5 Na5 13. Be2 Bxe4 14. a3
Nb3 15. Qe3 Bxc3 16. bxc3 Bxd5 17. Rad1 Qf6 18. c4 Bxf3 19. Bxf3 Na5 20. Qd2
Nxc4 21. Qb4 Nb6 22. Bxb7 Rab8 23. Bf3 Nd5 24. Qd2 Rfd8 25. Bxd5 Rxd5 26.
Qe2 Rb2 27. Qa6 Qxf2+ 28. Kh1 Qxg2# {White checkmated} 0-1

[Event "ICC tourney 2045 (75 10)"]
[Site "Internet Chess Club"]
[Date "2020.10.10"]
[Round "3"]
[White "ZebraGamer"]
[Black "Gnanathan"]
[Result "0-1"]
[ICCResult "White checkmated"]
[WhiteElo "184"]
[BlackElo "1150"]
[Opening "Benko's opening"]
[ECO "A00"]
[NIC "VO.09"]
[Time "14:47:34"]
[TimeControl "4500+10"]

1. g3 Nf6 2. Bg2 Nc6 3. Nf3 g6 4. O-O Bg7 5. d4 O-O 6. d5 Nb4 7. a3 Nbxd5 8.
Ne5 Nb6 9. Nc3 d6 10. Nf3 Bf5 11. Nd4 Bd7 12. Bxb7 Rb8 13. Bc6 Nc4 14. Bxd7
Qxd7 15. Qd3 Nxb2 16. Bxb2 Rxb2 17. Rab1 Rxb1 18. Nxb1 c5 19. Nb5 Rb8 20.
N1c3 a6 21. a4 axb5 22. axb5 Ne8 23. Rb1 Bxc3 24. Qxc3 Rxb5 25. Rxb5 Qxb5
26. Qa1 Qxe2 27. Qa8 Kf8 28. c3 Qe1+ 29. Kg2 Qxc3 30. Qc6 c4 31. Kh3 Qc2 32.
f4 c3 33. Qc4 Qf5+ 34. g4 Qc5 35. Qe2 c2 36. f5 c1=Q 37. fxg6 Q5e3+ 38. Qxe3
Qxe3+ 39. Kh4 Qh6+ 40. Kg3 hxg6 41. g5 Qxg5+ 42. Kh3 Qf5+ 43. Kg3 d5 44. Kh4
d4 45. Kg3 d3 46. h3 d2 47. h4 d1=Q 48. h5 Qdg4+ 49. Kh2 Qfxh5#
{White checkmated}
0-1

[Event "ICC tourney 2045 (75 10)"]
[Site "Internet Chess Club"]
[Date "2020.10.10"]
[Round "3"]
[White "RatislavK"]
[Black "minecraftchess"]
[Result "1-0"]
[ICCResult "Black checkmated"]
[WhiteElo "1157"]
[BlackElo "906"]
[Opening "Queen's pawn game"]
[ECO "D02"]
[NIC "QP.08"]
[Time "14:47:34"]
[TimeControl "4500+10"]

1. d4 d5 2. Nf3 Bf5 3. g3 Nf6 4. Bg2 e6 5. O-O b6 6. c4 c5 7. Ne5 Bd6 8.
Qa4+ Nbd7 9. Bf4 O-O 10. Nxd7 Bxf4 11. Nxf8 Qxf8 12. gxf4 cxd4 13. cxd5 Nxd5
14. Qxd4 Nf6 15. Bxa8 Qxa8 16. Nc3 Bh3 17. f3 Nh5 18. Rfd1 Kf8 19. Qd6+ Ke8
20. Qd7+ Kf8 21. Qd6+ Ke8 22. Ne4 f5 23. Ng5 h6 24. Qd7+ Kf8 25. Qf7#
{Black checkmated}
1-0

[Event "ICC tourney 2045 (75 10)"]
[Site "Internet Chess Club"]
[Date "2020.10.10"]
[Round "3"]
[White "oxdidi"]
[Black "mohitmukkollu"]
[Result "0-1"]
[ICCResult "White checkmated"]
[WhiteElo "1084"]
[BlackElo "1274"]
[Opening "Philidor's defense"]
[ECO "C41"]
[NIC "KP.10"]
[Time "14:46:43"]
[TimeControl "4500+10"]

1. e4 e5 2. Nf3 d6 3. Bc4 c6 4. Nc3 Be7 5. h3 Nf6 6. O-O O-O 7. Re1 Be6 8.
Bb3 Na6 9. d3 Nc5 10. Bxe6 Nxe6 11. Be3 Qc7 12. Qd2 d5 13. exd5 cxd5 14. Bg5
Nxg5 15. Qxg5 e4 16. dxe4 dxe4 17. Qe5 Bd6 18. Qf5 exf3 19. Qxf3 Rfe8 20.
Re2 Rxe2 21. Qxe2 Re8 22. Qf3 h6 23. Rd1 Be5 24. Rd2 Bxc3 25. bxc3 Re1#
{White checkmated}
0-1

[Event "ICC tourney 2045 (75 10)"]
[Site "Internet Chess Club"]
[Date "2020.10.10"]
[Round "3"]
[White "Artush04"]
[Black "ThomasEH"]
[Result "1-0"]
[ICCResult "Black checkmated"]
[WhiteElo "893"]
[BlackElo "1126"]
[Opening "Scotch game"]
[ECO "C45"]
[NIC "SO.04"]
[Time "14:46:43"]
[TimeControl "4500+10"]

1. e4 e5 2. Nf3 Nc6 3. d4 exd4 4. Nxd4 Nxd4 5. Qxd4 Nf6 6. Nc3 Be7 7. Bf4 d6
8. O-O-O O-O 9. Bc4 c5 10. Qd3 Nh5 11. Be3 Bg5 12. Kb1 Bxe3 13. Qxe3 Qe7 14.
Nd5 Qd8 15. Nf4 Nxf4 16. Qxf4 Qe7 17. f3 Rd8 18. e5 Be6 19. Bxe6 Qxe6 20.
exd6 Rac8 21. Rhe1 Rd7 22. Rxe6 fxe6 23. Qe5 Rcd8 24. Qxe6+ Kf8 25. g4 g5
26. Qf6+ Kg8 27. Qxg5+ Kf7 28. Qxc5 b6 29. Qd5+ Kf6 30. f4 Rxd6 31. Qxd6+
Rxd6 32. Rxd6+ Ke7 33. Rh6 a5 34. Rxh7+ Kf6 35. Rh6+ Kg7 36. Rxb6 a4 37. g5
a3 38. Rf6 axb2 39. h4 Kh7 40. h5 Kg7 41. h6+ Kh7 42. f5 Kg8 43. Kxb2 Kh7
44. Rf7+ Kg8 45. g6 Kh8 46. Rh7+ Kg8 47. g7 Kxh7 48. f6 Kg8 49. f7+ Kxf7 50.
a4 Kg8 51. a5 Kh7 52. a6 Kxh6 53. a7 Kxg7 54. c4 Kf7 55. a8=Q Ke7 56. Qd5
Kf6 57. c5 Ke7 58. c6 Kf6 59. c7 Ke7 60. c8=Q Kf6 61. Qe8 Kg7 62. Qd6 Kh7
63. Qdg6# {Black checkmated} 1-0

[Event "ICC tourney 2045 (75 10)"]
[Site "Internet Chess Club"]
[Date "2020.10.10"]
[Round "3"]
[White "johnzabraham"]
[Black "ethanz1606"]
[Result "0-1"]
[ICCResult "White resigns"]
[WhiteElo "936"]
[BlackElo "1195"]
[Opening "Giuoco Pianissimo"]
[ECO "C50"]
[NIC "IG.02"]
[Time "14:47:01"]
[TimeControl "4500+10"]

1. e4 e5 2. Nf3 Nc6 3. Bc4 Bc5 4. d3 Nf6 5. Bg5 O-O 6. O-O d6 7. h3 Be6 8.
Bb3 h6 9. Bh4 g5 10. Bg3 Nh5 11. Bh2 g4 12. hxg4 Bxg4 13. c3 Qf6 14. Nbd2
Kh8 15. Bd5 Rg8 16. Kh1 Qg7 17. Rg1 Bxf2 18. Rf1 Be3 19. Qe2 Bb6 20. b4 Nf4
21. Bxf4 exf4 22. d4 Rae8 23. Qf2 Bxf3 24. Nxf3 Nd8 25. Nh4 c6 26. Nf5 Qg6
27. Ne7 Rxe7 {White resigns} 0-1